[Event "Czech Open-Rapid 2022"]
[Site "Pardubice"]
[Date "2022.07.21"]
[Round "4.39"]
[White "Kavalir, Jan"]
[Black "Seidl, Vaclav"]
[Result "1-0"]
[ECO "B23"]
[WhiteElo "1987"]
[BlackElo "1251"]
[Annotator "TA"]
[PlyCount "93"]
[EventDate "2022.07.20"]
[EventType "swiss"]
[EventCountry "CZE"]
[SourceTitle "playchess.com"]
[Source "ChessBase"]
[SourceQuality "1"]
[TimeControl "1200+10"]

1. e4 c5 2. Nc3 d6 3. g3 Nf6 4. Bg2 g6 5. d3 Bg7 6. h3 O-O 7. Nge2 Nc6 8. O-O Bd7 9. Be3 Re8 {[%emt 0:00:09][%cal Ob7b5] B25: Closed Sicilian: 3 g3, lines without early Be3.} 10. f4 {[%emt 0:00:26] [#]} b6 $146 ({Predecessor:} 10... e6 11. Qd2 d5 12. Bxc5 dxe4 13. dxe4 Qa5 14. Bf2 Rad8 15. Qe3 Nb4 16. Rac1 Bc6 17. Qxa7 Qxa7 18. Bxa7 {1-0 (66) Demski,M (1737)-Nagly,W (1396) Wroclaw 2022}) 11. g4 e6 {[%emt 0:02:44][%cal Od6d5] White is slightly better.} 12. Ng3 Kh8 13. Qd2 Qc7 (13... d5 $14) 14. g5 $16 {[%emt 0:00:57] [#] And now Nb5 would win.} Ng8 15. f5 $36 {[%emt 0:01:31][%mdl 2048] White is on the roll.} exf5 16. Nd5 ({White should try} 16. Bf4 $16) 16... Qc8 $11 17. c3 Nge7 (17... Be5 $11 {remains equal.} 18. Bf4 fxe4) 18. Nf6 $16 {[%emt 0:00:55] White is more active.} Bxf6 $2 {[%emt 0:01:32] A mistake that costs the game.} (18... Qc7 $16 {is a better defense.}) 19. gxf6 $18 Ng8 20. exf5 gxf5 21. Bg5 Rb8 22. d4 {[%emt 0:00:38] Against Ne5} Nd8 23. d5 Nb7 24. Bh4 h6 {[%emt 0:00:40] Against Qg5} 25. c4 {[%emt 0:01:48] Kh2 is the strong threat.} Re5 26. Rae1 Rxe1 $2 (26... b5 27. b3 a5) 27. Rxe1 Qf8 {[%emt 0:00:07] Prevents Re7.} 28. Qf4 Re8 29. Rxe8 (29. Nxf5 $142 {Black must now prevent Ne7.} Re5 30. Rxe5 dxe5 31. Qxe5 Bxf5 32. Qxf5) 29... Qxe8 30. Nxf5 Bxf5 31. Qxf5 {[%emt 0:00:01] [#] White wants to mate with Be4.} Qf8 (31... Qe3+ $18 32. Kh2 Qd4) 32. Be4 {[%emt 0:00:09][%csl Ge4][%cal Rf5h7] White mates.} Nxf6 33. Bxf6+ {[%emt 0:00:03] This bishop pair is nice.} Qg7+ 34. Bxg7+ Kxg7 35. Qd7 Na5 36. Qa4 Nb7 37. Qxa7 Nd8 38. Qxb6 Ne6 39. dxe6 fxe6 40. Qxd6 h5 41. Qxe6 h4 42. Qg6+ Kf8 43. Qh7 Ke8 44. Qg7 Kd8 45. Bf5 Ke8 46. Be6 Kd8 47. Qd7# {Weighted Error Value: White=0.24 (precise) /Black=0.61} 1-0

[Event "Czech Open-Rapid 2022"]
[Site "Pardubice"]
[Date "2022.07.21"]
[Round "4.40"]
[White "Vokoun, Jan"]
[Black "Lihotsky, Lukas"]
[Result "1-0"]
[ECO "A25"]
[WhiteElo "2056"]
[BlackElo "1935"]
[Annotator "NA RC"]
[PlyCount "73"]
[EventDate "2022.07.20"]
[EventType "swiss"]
[EventCountry "CZE"]
[SourceTitle "playchess.com"]
[Source "ChessBase"]
[SourceQuality "1"]
[TimeControl "1200+10"]

1. c4 e5 2. Nc3 Nc6 3. g3 Bc5 4. Bg2 d6 5. a3 a5 6. e3 Nge7 7. d3 h5 8. Rb1 Bg4 9. Qc2 Qc8 10. Nd5 Nxd5 11. cxd5 Ne7 12. b4 axb4 13. axb4 Bb6 14. Bb2 h4 15. h3 Bd7 16. g4 Ng6 17. Ne2 f5 18. gxf5 Bxf5 19. Nc3 Qd8 20. Be4 Qg5 21. Qe2 Bd7 22. Kd2 Qf6 23. Rbg1 Ne7 24. Rh2 c5 25. dxc6 bxc6 26. b5 d5 27. bxc6 Bxc6 28. Bf3 d4 29. Ne4 Ba5+ 30. Kc1 Qe6 31. Rxg7 Rc8 32. Kb1 Ba4 33. Bg4 Qb6 34. Bxc8 Nxc8 35. exd4 Rh6 36. Nc5 Bc6 37. Qxe5+ 1-0

[Event "Czech Open-Rapid 2022"]
[Site "Pardubice"]
[Date "2022.07.21"]
[Round "4.41"]
[White "Ibrahim, Emad Eldin"]
[Black "Skoloud, Barnabas"]
[Result "1-0"]
[ECO "C43"]
[WhiteElo "2028"]
[BlackElo "1852"]
[Annotator "TA"]
[PlyCount "57"]
[EventDate "2022.07.20"]
[EventType "swiss"]
[EventCountry "CZE"]
[SourceTitle "playchess.com"]
[Source "ChessBase"]
[SourceQuality "1"]
[TimeControl "1200+10"]

1. e4 e5 2. Nf3 Nf6 3. d4 Nxe4 4. Bd3 d5 5. Nxe5 Be7 6. O-O O-O 7. Nc3 {[%emt 0:00:03] C43: Petroff Defence: 3 d4.} f6 $2 {[%emt 0:01:24] [#]} (7... Nxc3 $11 8. bxc3 Nd7) 8. Nxd5 $1 $18 fxe5 (8... Qxd5 $2 9. Bc4 Be6 10. Bxd5 $18) (8... Nd6 9. Qh5) 9. Bxe4 {[%emt 0:00:04] [#] Hoping for Qh5. White has a decisive advantage.} Bd6 $146 (9... Nc6 {is tougher.} 10. dxe5 (10. Qh5 g6 $16) 10... Nxe5) ({Predecessor:} 9... exd4 10. Bf4 Bd6 11. Qh5 g6 12. Bxg6 hxg6 13. Qxg6+ Kh8 14. Bg5 Bxh2+ 15. Kxh2 Qxd5 16. Rh1 Bh3 17. Kxh3 {1-0 (17) Griffith,K (2346)-Colas,J (2288) Charlotte 2021}) 10. dxe5 Bxe5 11. Qh5 Bf5 12. Bxf5 Rxf5 13. Qxf5 Qxd5 14. Qc8+ Kf7 15. Be3 b6 16. c4 $2 (16. Qf5+ Kg8 17. f4) 16... Qc6 $2 (16... Nd7 17. Qxc7 Qxg2+ 18. Kxg2 Bxc7) 17. Qf5+ Bf6 18. Qxh7 Nd7 19. Qh5+ g6 20. Qh7+ Bg7 {[%emt 0:00:07] White must now prevent ...Rh8.} 21. Bd4 Nf6 22. Bxf6 Qxf6 23. Qh3 Rh8 24. Qd7+ Kg8 25. Rae1 Qf4 26. Re8+ Bf8 27. g3 Qxc4 28. Rfe1 Qf7 29. R1e7 {[%emt 0:00:15] White took control after the opening.  Weighted Error Value: White=0.85/Black=0.97} 1-0

[Event "Czech Open-Rapid 2022"]
[Site "Pardubice"]
[Date "2022.07.21"]
[Round "4.42"]
[White "Sosnik, Sebastian"]
[Black "Nespurek, Jan"]
[Result "1-0"]
[ECO "C42"]
[WhiteElo "2255"]
[BlackElo "1571"]
[Annotator "TA"]
[PlyCount "63"]
[EventDate "2022.07.20"]
[EventType "swiss"]
[EventCountry "CZE"]
[SourceTitle "playchess.com"]
[Source "ChessBase"]
[SourceQuality "1"]
[TimeControl "1200+10"]

1. e4 e5 2. Nf3 Nf6 3. Nxe5 d6 4. Nf3 Nxe4 5. d4 d5 6. Bd3 Bd6 7. O-O O-O 8. c4 c6 9. Nc3 Nxc3 10. bxc3 dxc4 11. Bxc4 Bf5 12. Bg5 $1 {[%emt 0:02:30] [#] 12.Bg5 is better than 12.Re1. C42: Petroff Defence: 3 Nxe5 and unusual White 3rd moves.} Be7 $146 (12... Qa5 $11 {was preferrable.}) ({Predecessor:} 12... Qa5 13. d5 Be4 14. dxc6 Bxf3 15. Qxf3 Nxc6 16. Bd5 h6 17. Be3 Qxc3 18. Rab1 Rab8 19. Rfd1 Qe5 {1-0 (50) Giri,A (2773)-Vidit,S (2723) Chess.com INT 2022}) 13. Bxe7 {[%emt 0:02:30] White is more active.} Qxe7 14. Re1 {[%emt 0:00:08] White is slightly better.} Qa3 {[%emt 0:02:07] [#]} (14... Qf6 $14) 15. Ne5 $1 $18 {[%emt 0:04:11] Threatens to win with Nxf7.} Nd7 16. Nxf7 Rxf7 17. Bxf7+ Kxf7 {[%emt 0:00:15] [#]} 18. Qf3 $1 ({And not} 18. Qh5+ Bg6 19. Qh3 Nf6 $15) 18... Nf6 (18... g6 $142 19. g4 Kg8 20. gxf5 Rf8) 19. Qxf5 Qxc3 20. Rab1 (20. Rac1 Re8 21. Qb1 (21. Rxc3 $2 Rxe1#) 21... Rxe1+ 22. Rxe1 b6 $18) 20... b6 21. Rbc1 Re8 22. Red1 (22. Rxc3 $2 Rxe1#) 22... Qb4 23. g4 {[%emt 0:01:40] g5 is the strong threat.} g6 $2 (23... Qd6 24. h3 Re4) 24. Qf4 Kg7 $2 (24... Re4 25. Qc7+ Qe7 26. Qxc6 (26. Rxc6 Rxg4+ 27. Kf1 Nd5 $18) 26... Rxg4+ 27. Kf1 g5) 25. Rxc6 Nd5 26. Qf3 Rd8 27. Re6 {[%emt 0:00:43] Against Qe7} Qc4 28. Qe2 Qc3 (28... Qxe2 29. Rxe2 Rd7) 29. Qe5+ Kg8 30. Re8+ {[%emt 0:00:24] White mates.} Rxe8 31. Qxe8+ Kg7 32. Qd7+ {[%emt 0:00:01] Black got outplayed after the opening.  Weighted Error Value: White=0.36/Black=1.07} 1-0

[Event "Czech Open-Rapid 2022"]
[Site "Pardubice"]
[Date "2022.07.21"]
[Round "4.43"]
[White "Sindler, Jaromir"]
[Black "Malinovsky, Petr"]
[Result "1-0"]
[ECO "D45"]
[WhiteElo "1582"]
[BlackElo "1959"]
[Annotator "TA"]
[PlyCount "62"]
[EventDate "2022.07.20"]
[EventType "swiss"]
[EventCountry "CZE"]
[SourceTitle "playchess.com"]
[Source "ChessBase"]
[SourceQuality "1"]
[TimeControl "1200+10"]

1. d4 d5 2. Nf3 e6 3. c4 c6 4. e3 Nf6 5. Nc3 Be7 6. Be2 O-O 7. O-O Nbd7 8. b3 $1 {[%emt 0:00:08] 8.b3 is better than 8.Qc2.} b6 {[%emt 0:00:05] D45: Semi-Slav: 5 e3.} 9. Bb2 Bb7 10. cxd5 exd5 {[%emt 0:00:49] The position is equal.} 11. Rc1 {[%emt 0:00:13] [#]} Ne4 $146 ({Predecessor:} 11... a6 12. Ne5 Nxe5 13. dxe5 Nd7 14. f4 a5 15. Bd3 Nc5 16. Bb1 f5 17. Ne2 Bc8 {0-1 (67) Manukyan,S (2253)-Hryzlova,S (2186) Chess.com INT 2021}) 12. Nd2 f5 13. f3 Nxc3 14. Rxc3 Bb4 15. Rc1 Qe7 16. e4 fxe4 17. fxe4 Rxf1+ (17... Qg5 {seems wilder.} 18. exd5 Bxd2 19. dxc6 Rxf1+ 20. Bxf1 Qe3+) 18. Bxf1 dxe4 (18... Qg5 {is more complex.} 19. exd5 Bxd2 20. dxc6 Qe3+) 19. Bc4+ (19. Nc4 $15) 19... Kh8 $17 20. Nf1 Bd6 21. d5 (21. Rc2 $17) 21... Nc5 (21... Ne5 $19 {White must now prevent ...cxd5.} 22. dxc6 Bxc6) 22. Ne3 {[%emt 0:02:45] [#]} (22. dxc6 $17 Bxc6 23. Ng3) 22... Be5 $2 ({Better is} 22... Qg5 $1 $19 23. Qd4 cxd5 24. Bxd5 Bxd5) 23. d6 Qxd6 (23... Qg5 {with more complications.} 24. Bxe5 Qxe3+ 25. Kh1 Nd3) 24. Qxd6 Bxd6 25. Nf5 Bf8 {[%emt 0:00:42] Threatens to win with ...Nd3.} 26. Nh6 $1 Be7 27. Nf7+ Kg8 28. Ne5+ (28. Ng5+ $11 Kh8 29. Nf7+ Kg8 30. Ng5+ Kh8 31. Nf7+) 28... Kf8 $15 29. Rf1+ Ke8 30. Bf7+ Kd8 31. Be6 $2 {[%emt 0:00:25][%mdl 8192] [#]} Nxe6 {[%emt 0:00:12][%mdl 32768] Weighted Error Value: White=0.56/Black=0.37. Loss on time!?} 1-0

[Event "Czech Open-Rapid 2022"]
[Site "Pardubice"]
[Date "2022.07.21"]
[Round "4.44"]
[White "Bouska, Jiri"]
[Black "Cejka, Jan"]
[Result "1/2-1/2"]
[ECO "B10"]
[WhiteElo "2157"]
[BlackElo "1731"]
[Annotator "TA"]
[PlyCount "134"]
[EventDate "2022.07.20"]
[EventType "swiss"]
[EventCountry "CZE"]
[SourceTitle "playchess.com"]
[Source "ChessBase"]
[SourceQuality "1"]
[TimeControl "1200+10"]

1. e4 c6 2. Nc3 d5 3. Nf3 dxe4 4. Nxe4 Nf6 5. Nxf6+ exf6 6. d4 Bd6 7. Be2 O-O 8. O-O Be6 9. Be3 Re8 10. c4 Na6 {[%emt 0:01:04] B15: Caro-Kann: 3 Nc3: 3...g6 and 3...dxe4 4 Nxe4 Nf6 5 Nxf6+ exf6.} 11. Re1 Nc7 {[%emt 0:00:23] [#]} 12. Qc2 $146 ({Predecessor:} 12. Qd2 Qd7 13. Rad1 a6 14. a3 Rab8 15. b4 b5 16. c5 Bf8 17. Bf4 Ra8 18. Bg3 {0-1 (39) Aaditya,D (1608)-Sreeshwan,M (2063) Ahmedabad 2018}) 12... Qd7 13. Bd3 g6 14. Rad1 Rad8 15. Nd2 f5 16. Bg5 Be7 17. Bxe7 Rxe7 18. Nf3 f6 19. Qc3 (19. Qb3 $14 {feels stronger.}) 19... Kg7 (19... Bf7 $11) 20. Qa3 $16 a6 21. Re2 {[%emt 0:02:31] White is more active.} (21. Qb4 $14) 21... Qd6 $11 22. Qc3 Bf7 {[%emt 0:00:47] Prevents d5.} 23. Rxe7 Qxe7 24. Bc2 Qd6 25. Bb3 Ne6 26. g3 h5 27. d5 cxd5 28. Rxd5 Qc7 29. Rxd8 Qxd8 30. c5 Qc7 31. Bxe6 Bxe6 {[%emt 0:00:02][%mdl 4096] Endgame KQB-KQN} 32. a3 f4 33. Nd4 Bd5 34. Ne2 fxg3 35. hxg3 Qc8 36. Nf4 {[%emt 0:00:05] Prevents Qh3.} Bc6 {[%emt 0:00:18] next ...g5 is good for Black.} 37. Qe3 (37. f3 $11) 37... Qe8 ({Black should play} 37... Qf5 $1 $17 {[%cal Rf5b1] ( -> ...Qb1+)} 38. Qd3 (38. Qe7+ Kh6 $17) 38... Qxd3 39. Nxd3 Kf7) 38. Qxe8 Bxe8 {[%emt 0:00:02] KB-KN} 39. b4 Kf7 40. Kf1 Ke7 41. Ke2 {[%emt 0:00:14] [#]} (41. a4 $11 {remains equal.}) 41... f5 ({Better is} 41... g5 $1 $17 42. Nd5+ Ke6 43. Nc7+ Kf7) 42. Ke3 Kf6 43. Kd4 Bc6 44. Nd3 g5 {[%emt 0:00:14] And now ...h4 would win.} 45. Ne5 $2 {[%emt 0:00:07][%mdl 8192] [#]} (45. f4 $15) 45... h4 $1 $19 46. gxh4 gxh4 47. Nxc6 bxc6 {[%emt 0:00:02] KP-KP} 48. Ke3 Ke5 49. Kf3 h3 $2 (49... Kd5 {mates} 50. a4 Kc4 51. b5 axb5 52. axb5 Kxb5 53. Kf4 Kxc5 54. Kf3 Kd5 55. Kg2 c5 56. Kh3 c4 57. Kxh4 c3 58. Kh5 c2 59. Kg5 c1=Q+ 60. Kxf5 Qc2+ 61. Kf6 Qxf2+ 62. Kg5 Ke6 63. Kg4 Kf6 64. Kh3 Qg1 65. Kh4 Qg2 66. Kh5 Qh3#) 50. Kg3 $11 {[%emt 0:00:01] The position is equal.} Kd4 51. Kxh3 {[%emt 0:00:06] Hoping for Kg3.} Kc4 52. Kg3 {[%emt 0:00:03] Black must now prevent Kf4.} Kb3 53. Kf4 {[%emt 0:00:01] Ke5 would kill now.} Kxa3 54. Kxf5 Kxb4 {[%emt 0:00:02] KPP-KPP} 55. Ke6 a5 (55... Kxc5 56. f4 Kd4 57. f5 Kd3 58. f6 c5 59. f7 c4 60. f8=Q) 56. f4 $1 (56. Kd6 a4 57. f4 a3 58. Kxc6 a2 59. Kd5 a1=Q 60. c6 Qh1+ 61. Kd4 Qxc6 62. Ke5 Kc5 63. f5 Qd6+ 64. Ke4 Qf6 65. Kf3 Qxf5+ 66. Kg3 Kd4 67. Kg2 Ke3 68. Kg3 Qg6+ 69. Kh2 Kf2 70. Kh3 Qh5#) 56... a4 (56... Kxc5 57. f5 Kc4 58. f6 Kd3 59. f7 c5 60. f8=Q c4 61. Qd8+ Kc3 62. Qxa5+ Kc2 63. Ke5) 57. f5 a3 (57... Kxc5 58. f6 Kd4 59. f7 Kc4 60. f8=Q Kb3 61. Qf3+ Kb2 62. Qg2+ Kb3 63. Qxc6) 58. f6 a2 (58... Kxc5 {gets mated.} 59. f7 Kc4 60. f8=Q Kb3 61. Qb8+ Kc4 62. Qb1 c5 63. Ke5) 59. f7 a1=Q 60. f8=Q {[%emt 0:00:05] Prevents Qg7. KQ-KQ} Qa2+ 61. Kd6 Qd5+ 62. Kc7 Qxc5 63. Qf4+ Kb5 64. Qf1+ Kb4 65. Qb1+ Kc4 66. Qe4+ Kb5 67. Qb1+ Kc4 {[%emt 0:00:11] And White is the lucky defender.  Weighted Error Value: White=0.46/Black=0.21 (precise)} 1/2-1/2

[Event "Czech Open-Rapid 2022"]
[Site "Pardubice"]
[Date "2022.07.21"]
[Round "5.1"]
[White "Pulpan, Jakub"]
[Black "Korobov, Anton"]
[Result "1/2-1/2"]
[ECO "B90"]
[WhiteElo "2424"]
[BlackElo "2692"]
[Annotator "TA"]
[PlyCount "81"]
[EventDate "2022.07.20"]
[EventType "swiss"]
[EventCountry "CZE"]
[SourceTitle "playchess.com"]
[Source "ChessBase"]
[SourceQuality "1"]
[TimeControl "1200+10"]

1. e4 c5 2. Nf3 d6 3. d4 cxd4 4. Nxd4 Nf6 5. Nc3 a6 6. h3 e6 7. g4 b5 8. g5 {[%emt 0:01:15] B81: Sicilian Scheveningen: Keres Attack.} Nfd7 9. Be3 Bb7 10. a3 {[%emt 0:00:08] White is slightly better.} Be7 11. h4 Nc6 12. Nxc6 Bxc6 13. f4 O-O {[%emt 0:00:16] [#]} 14. Rg1 $146 ({Predecessor:} 14. h5 Nc5 15. Rg1 Qc7 16. f5 exf5 17. exf5 Rfe8 18. Qd2 Bxg5 19. Rxg5 Rxe3+ 20. Qxe3 {0-1 (36) Schwellnus,G-Jarecki,M freechess.de 2015}) 14... Qb8 15. h5 b4 (15... a5 $5 ) 16. axb4 Qxb4 17. Qd4 Rfb8 18. Qxb4 (18. g6 {looks sharper.} hxg6 19. hxg6 Bh4+ 20. Kd2) 18... Rxb4 19. Rxa6 Rxa6 20. Bxa6 Nc5 21. Bxc5 dxc5 22. Bd3 (22. Ke2 $11) 22... c4 $17 ({Of course not} 22... Rxb2 $6 23. Kd2 $11) 23. Be2 Rxb2 24. Kd2 {[%emt 0:00:17] [#]} Bb4 (24... Rb8 $1 $17 {Hoping for ...Bb4.} 25. Bxc4 Bb4) 25. Bxc4 $11 Bxe4 $1 {[%emt 0:00:08] This bishop pair is nice.} 26. Bb3 h6 (26... Bf5 $11) 27. gxh6 $14 g6 28. hxg6 fxg6 29. Ra1 ({Don't take} 29. Bxe6+ Kh7 30. Bb3 Kxh6 $14) ({White should try} 29. Re1 $16 Bd5 30. Bxd5 exd5 31. Kd3) 29... Kh7 $11 30. Ra4 Kxh6 (30... Bf5 $5) 31. Rxb4 (31. Kc1 $14 {is superior.} Bxc3 32. Rxe4) 31... Bxc2 $1 {[%emt 0:00:03] The position is equal.} 32. Kc1 Rxb3 33. Rxb3 Bxb3 {[%emt 0:00:02][%mdl 4096] Endgame KB-KN} 34. Kd2 Kh5 35. Ke3 Kg4 36. Ne4 Bd5 37. Nf2+ Kf5 38. Nd3 Bb7 39. Nc5 Bc6 40. Nd3 Bd5 41. Nc5 {[%emt 0:00:02] Weighted Error Value: White=0.16 (very precise) /Black=0.13 (very precise)} 1/2-1/2

[Event "Czech Open-Rapid 2022"]
[Site "Pardubice"]
[Date "2022.07.21"]
[Round "5.2"]
[White "Donchenko, Alexander"]
[Black "Vykouk, Jan"]
[Result "1-0"]
[ECO "E91"]
[WhiteElo "2640"]
[BlackElo "2476"]
[Annotator "TA"]
[PlyCount "129"]
[EventDate "2022.07.20"]
[EventType "swiss"]
[EventCountry "CZE"]
[SourceTitle "playchess.com"]
[Source "ChessBase"]
[SourceQuality "1"]
[TimeControl "1200+10"]

1. d4 Nf6 2. c4 g6 3. Nc3 Bg7 4. e4 d6 5. Nf3 O-O 6. Be2 Nbd7 7. O-O e5 8. Be3 Re8 9. Qc2 {[%emt 0:00:15] E94: King's Indian: Classical: 6 Be2 e5 7 0-0: Various Black 7th moves.} b6 10. d5 a5 11. a3 {[%emt 0:00:03] White is slightly better.} Nc5 12. b4 {[%emt 0:00:56] [#]} Nb7 $146 (12... Ncxe4 $11 13. Nxe4 Nxe4) ({Predecessor:} 12... axb4 13. axb4 Rxa1 14. Rxa1 Na6 15. c5 Nxb4 16. Qa4 bxc5 17. Nd2 Bd7 18. Qa7 Nc2 {0-1 (65) Dutt,L (1715)-Eman,S Chess.com INT 2021}) 13. Rfe1 Nh5 14. Nd2 Nf4 15. Bf3 f5 16. exf5 gxf5 (16... Bxf5 $142 17. Nde4 g5) 17. Bxf4 $16 exf4 18. Bh5 Rxe1+ 19. Rxe1 {[%emt 0:00:02] Strongly threatening Re8+.} Bd7 {[%emt 0:00:01] Against Re8+} 20. Nf3 (20. Nb5 $142) 20... axb4 21. axb4 Qf6 22. Nb5 c5 (22... Qb2 $142 23. Qxb2 Bxb2) 23. Nc7 {[%emt 0:02:30] 0x0.001f23c92692dp-1022s more active pieces. Pair of Knights!} ({White has to play} 23. dxc6 $1 $16 Bxc6 24. Nfd4 Bxb5 25. Nxb5) 23... Ra1 $132 {[%emt 0:00:03][%mdl 2048] Black is not holding back} 24. b5 Na5 25. Qe2 Rxe1+ 26. Nxe1 Qe5 ({Better is} 26... f3 $11 27. Bxf3 Qc3) 27. Qxe5 $1 $14 dxe5 28. Be2 Bf6 29. Na8 $1 Bd8 30. Nf3 $1 Bc8 31. Nxe5 {[%emt 0:01:06] And now d6 would win.} Bb7 32. Nc6 $1 Nxc6 33. dxc6 Bxa8 34. Bd3 Kf7 35. Bxf5 h6 36. g3 $1 {[%emt 0:01:03][%mdl 1024] White has strong compensation.} Kf6 37. Bd3 (37. Bh7 $1 $16) 37... Ke5 $11 38. Kg2 Kd6 (38... Kd4 $11 39. Be2 Bc7) 39. Be4 Ke5 40. Bf3 (40. Bg6 $14) 40... Bc7 41. Kh3 Kd4 $1 42. Be2 f3 43. Bf1 {[%emt 0:00:03] Black must now prevent Kg4.} Ke4 $2 (43... Bxc6 $11 44. bxc6 b5 45. cxb5 c4 46. Bxc4 Kxc4) 44. Kg4 Be5 $2 (44... Bd8) 45. Kh5 $18 Bd4 46. Kxh6 Bxf2 47. g4 $1 {[%emt 0:00:01][%cal Bg3g4,Bg4g5,Bg5g6][%mdl 32] aiming for g5.} Be3+ 48. g5 Kf5 49. Bh3+ (49. h4 $142 Kg4 50. Kh7) 49... Ke5 50. Kh5 {[%emt 0:00:07] Bf1 is the strong threat.} Bf4 51. Bf1 {[%emt 0:01:37] Threatens to win with h3.} Bxh2 {[%emt 0:00:51] [#]} 52. g6 $1 Ke6 {[%emt 0:00:05] [#]} 53. Kh6 $2 ({Only move:} 53. Bh3+ $1 $18 Kf6 54. Kh6) 53... Be5 $1 $11 54. Kh7 {[%emt 0:00:39] White wants to mate with g7.} (54. Bd3 {is more complex.} f2 55. g7 f1=Q 56. Bxf1 Kf7 57. Kg5) 54... Kf5 $2 (54... Kd6 $11) 55. g7 Bxg7 56. Kxg7 {[%emt 0:00:02] White threatens Kf7 and mate. KB-KB} Kf4 57. Kf6 {[%emt 0:00:02] White mates.} Ke3 58. Ke5 Kf2 59. Bh3 Kg3 60. Bf5 ({Stronger than} 60. c7 Bb7 61. Bf5 f2 $11) 60... Kf2 61. Be4 Ke3 {[%emt 0:00:03] [#]} 62. Bxf3 $1 Kxf3 63. Kd6 Ke4 64. Kc7 Kd4 65. Kb8 {[%emt 0:00:02] Weighted Error Value: White=0.25 (precise) /Black=0.58} 1-0

[Event "Czech Open-Rapid 2022"]
[Site "Pardubice"]
[Date "2022.07.21"]
[Round "5.3"]
[White "Cerveny, Martin"]
[Black "Harsha Bharathakoti"]
[Result "0-1"]
[ECO "A46"]
[WhiteElo "2396"]
[BlackElo "2547"]
[Annotator "TA"]
[PlyCount "62"]
[EventDate "2022.07.20"]
[EventType "swiss"]
[EventCountry "CZE"]
[SourceTitle "playchess.com"]
[Source "ChessBase"]
[SourceQuality "1"]
[TimeControl "1200+10"]

1. d4 Nf6 2. Nf3 c5 3. c3 e6 4. a3 b6 5. Bg5 Bb7 6. Nbd2 {[%emt 0:00:12][%cal Oe2e4] A46: 1 d4 Nf6 2 Nf3 e6: Torre, London and Colle Systems.} Be7 7. e3 O-O 8. Bd3 {[%emt 0:00:18] The position is equal.} d5 {[%emt 0:00:11] [#]} 9. Qc2 $146 ({Predecessor:} 9. Qb1 h6 10. Bf4 Nbd7 11. h3 Qc8 12. g4 Ne4 13. Nxe4 dxe4 14. Bxe4 Nf6 15. Bxb7 Qxb7 {½-½ (27) Nascimento,D (2120)-Lebredo Zaragoitia,G (2203) Brasilia 2012}) 9... Nbd7 10. h4 c4 11. Be2 b5 12. Bxf6 Nxf6 13. h5 Ne4 14. Nf1 ({Better is} 14. Nxe4 $15 dxe4 15. h6) 14... a5 $17 15. Ng1 (15. N1d2 $142) 15... b4 16. Rh3 bxc3 17. bxc3 Bc8 {[%emt 0:00:59][%cal Oe6e5] 0x0.001f23d58790dp-1022s more active pieces.} 18. f3 {[%emt 0:00:22] [#]} (18. Nd2 $17 {was worth a try.}) 18... Nd6 $1 $19 19. e4 (19. h6 {keeps fighting.} g6 20. e4) 19... dxe4 20. fxe4 e5 21. g4 $2 (21. dxe5 {is tougher.} Bxh3 22. Nxh3) 21... exd4 22. cxd4 Nb5 23. d5 $2 (23. Qxc4 Qxd4 24. Qxd4 Nxd4 25. Ne3) 23... Bh4+ {[%emt 0:02:29] Black is clearly winning.} 24. Kd1 Qf6 25. Rb1 {[%emt 0:01:34] [#]} Bxg4 $1 {[%emt 0:00:02][%mdl 512] ( -> ...Qxf1+)} 26. Rxh4 Qxf1+ 27. Kd2 Qf4+ 28. Kd1 Bxe2+ 29. Nxe2 Qxh4 30. Rxb5 Rae8 31. d6 Rxe4 {[%emt 0:00:28] Weighted Error Value: White=0.90/Black=0.12 (very precise)} (31... Qh1+ $142 32. Kd2 Rxe4) 0-1